Map: King Sejong Station LE

Players

Gemini

  • Race: Protoss Protoss
  • League: Master

A.I. 1 (Very Easy) - Winner!

  • Race: Protoss Protoss

VOD

Have the link to the VOD?

Description

Time

  • Played on: Oct. 17, 2016, 9:05 p.m.
  • Length: 7:06
Show
View Real Time Build Order
Export as new Build Order

Gemini Protoss 

Build Orders:  

Get SALT Encoding   

  12  0:01  Probe (Chrono Boost)  
  13  0:11  Probe (Chrono Boost)  
  14  0:17  Pylon  
  14  0:22  Probe (Chrono Boost)  
  15  0:35  Probe (Chrono Boost)  
  16  0:36  Gateway  
  16  0:42  Assimilator  
  16  0:46  Probe (Chrono Boost)  
  17  0:52  Assimilator  
  17  0:56  Probe (Chrono Boost)  
  18  1:07  Probe (Chrono Boost)  
  18  1:08  Gateway  
  19  1:17  Probe (Chrono Boost)  
  20  1:25  Cybernetics Core  
  20  1:28  Probe (Chrono Boost)  
  21  1:34  Pylon  
  21  1:38  Probe (Chrono Boost)  
  22  1:48  Warp Gate  
  22  1:49  Probe (Chrono Boost)  
  23  2:01  Probe (Chrono Boost), Adept x2  
  28  2:14  Mothership Core (Chrono Boost)  
  30  2:16  Pylon  
  30  2:34  Stalker x2  
  34  2:59  Nexus  
  34  3:06  Sentry  
  34  3:08  Probe (Chrono Boost)  
  37  3:17  Robotics Facility  
  37  3:22  Probe (Chrono Boost)  
  37  3:25  Pylon  
  39  3:34  Probe (Chrono Boost)  
  39  3:42  Twilight Council  
  39  3:45  Probe (Chrono Boost)  
  40  3:54  Sentry  
  42  3:56  Probe (Chrono Boost)  
  42  3:59  Warp Prism  
  43  4:04  Blink  
  43  4:09  Probe (Chrono Boost)  
  46  4:22  Adept x2  
  50  4:28  Probe (Chrono Boost)  
  52  4:32  Probe (Chrono Boost)  
  52  4:36  Observer  
  53  4:39  Probe (Chrono Boost)  
  53  4:44  Probe (Chrono Boost)  
  55  4:49  Probe (Chrono Boost), Pylon  
  56  4:56  Probe (Chrono Boost)  
  56  4:57  Immortal  
  61  5:00  Probe (Chrono Boost)  
  63  5:07  Pylon  
  63  5:08  Probe (Chrono Boost)  
  63  5:10  Probe (Chrono Boost)  
  64  5:17  Assimilator  
  64  5:19  Assimilator  
  64  5:20  Probe (Chrono Boost)  
  66  5:21  Probe (Chrono Boost)  
  66  5:32  Probe (Chrono Boost), Pylon  
  66  5:33  Probe (Chrono Boost)  
  68  5:37  Immortal  
  68  5:38  Forge  
  68  5:42  Probe (Chrono Boost)  
  73  5:45  Probe (Chrono Boost)  
  73  5:47  Pylon  
  74  6:04  Nexus  
  74  6:05  Pylon  
  74  6:07  Probe (Chrono Boost)  
  74  6:08  Probe (Chrono Boost)  
  76  6:17  Probe (Chrono Boost)  
  77  6:20  Probe (Chrono Boost)  
  78  6:29  Probe (Chrono Boost)  
  84  6:32  Probe (Chrono Boost)  
  84  6:34  Robotics Bay  
  84  6:37  Pylon  
  84  6:44  Gateway  
  84  6:45  Gateway  
  84  6:48  Gateway  
  84  6:52  Gateway  
  84  7:05  Robotics Facility  
Show
View Real Time Build Order
Export as new Build Order

A.I. 1 (Very Easy) Protoss - Winner!

Build Orders: 1 Gate Expand, Nexus First 

Get SALT Encoding   

  12  0:01  Probe (Chrono Boost)  
  13  0:11  Probe (Chrono Boost)  
  14  0:19  Pylon  
  14  0:42  Gateway  
  14  1:01  Nexus  
  14  1:19  Pylon  
  14  1:23  Assimilator  
  14  1:30  Zealot  
  16  1:34  Cybernetics Core  
  16  1:37  Probe (Chrono Boost)  
  17  1:49  Probe (Chrono Boost)  
  18  1:58  Assimilator  
  18  2:00  Probe (Chrono Boost)  
  19  2:09  Stalker  
  19  2:11  Probe (Chrono Boost)  
  23  2:15  Probe (Chrono Boost)  
  23  2:18  Warp Gate  
  24  2:23  Probe (Chrono Boost)  
  25  2:30  Probe (Chrono Boost)  
  26  2:37  Probe (Chrono Boost)  
  26  2:47  Probe (Chrono Boost)  
  26  2:48  Assimilator  
  26  2:50  Pylon  
  27  2:55  Probe (Chrono Boost)  
  28  3:01  Probe (Chrono Boost)  
  29  3:10  Probe (Chrono Boost)  
  29  3:12  Robotics Facility  
  28  3:16  Probe (Chrono Boost)  
  29  3:27  Probe (Chrono Boost)  
  29  3:28  Adept  
  32  3:35  Probe (Chrono Boost)  
  33  3:42  Probe (Chrono Boost)  
  34  3:49  Probe (Chrono Boost)  
  35  3:56  Probe (Chrono Boost)  
  35  3:59  Observer  
  37  4:03  Probe (Chrono Boost)  
  38  4:12  Probe (Chrono Boost)  
  39  4:18  Probe (Chrono Boost)  
  39  4:19  Observer  
  39  4:22  Assimilator  
  41  4:25  Probe (Chrono Boost)  
  42  4:32  Probe (Chrono Boost)  
  42  4:35  Pylon  
  43  4:39  Probe (Chrono Boost)  
  44  4:46  Zealot  
  44  4:48  Probe (Chrono Boost)  
  47  4:55  Probe (Chrono Boost)  
  48  5:05  Probe (Chrono Boost)  
  47  5:14  Stalker, Probe (Chrono Boost)  
  47  5:15  Pylon  
  47  5:20  Probe (Chrono Boost)  
  50  5:43  Zealot  
  52  6:08  Immortal  
  56  6:23  Probe (Chrono Boost)  
  52  6:30  Probe (Chrono Boost)  
  52  6:38  Probe (Chrono Boost)  
  53  6:44  Probe (Chrono Boost)  
  54  6:51  Probe (Chrono Boost)  
Tags
 
Add a new tag
Caveats
  • Supply blocks, unpowered buildings, or Contaminate may cause inaccurate times.
  • Supply counts are checked every 10 seconds.